 Dungeon Crawl Stone Soup version 0.30.1-11-g7821555f0a (webtiles) character file.

Game seed: 16180907451861451951

15208 Peloso the Protected (level 11, -7/101 HPs)
             Began as a Minotaur Fighter on Nov 10, 2023.
             Was an Elder of Okawaru.
             Mangled by a gargoyle
             ... wielding a +0 flail
              (10 damage)
             ... in a volcano.
             The game lasted 00:27:34 (11528 turns).

Peloso the Protected (Minotaur Fighter)            Turns: 11528, Time: 00:27:35

Health: -7/101     AC: 17    Str: 22    XL:     11   Next: 98%
Magic:  9/11       EV: 13    Int:  5    God:    Okawaru [****..]
Gold:   865        SH:  8    Dex: 13    Spells: 10/10 levels left

rFire   + + .        a - +0 long sword
rCold   x . .        c - +0 buckler
rNeg    . . .        J - +0 fire dragon scales
rPois   +            (helmet restricted)
rElec   .            (no cloak)
rCorr   .            (no gloves)
SInv    .            K - +1 pair of boots
Will    .....        f - amulet of regeneration
Stlth   +            A - ring of poison resistance
HPRegen 1.16/turn    H - ring of flight
MPRegen 0.12/turn

%: no passive effects
@: heroic, flying
A: horns 2, retaliatory headbutt
a: Renounce Religion, Heroism, Finesse


You were in a volcano.
You worshipped Okawaru.
Okawaru was greatly pleased with you.
You visited 3 branches of the dungeon, and saw 13 of its levels.
You also visited: Sewer, Ossuary and Volcano.

You collected 865 gold pieces.

Inventory:

Hand Weapons
 a - a +0 long sword (weapon)
 b - a +2 demon trident of electrocution
Missiles
 D - 2 throwing nets (quivered)
Armour
 c - a +0 buckler (worn)
 p - a +0 plate armour
 J - +0 fire dragon scales (worn)
 K - a +1 pair of boots (worn)
Jewellery
 f - an amulet of regeneration (around neck)
 u - an amulet of magic regeneration
 A - a ring of poison resistance (left hand)
 H - a ring of flight (right hand)
 L - a ring of magical power
Wands
 j - a wand of digging (6)
 C - a wand of flame (38)
 E - a wand of charming (7)
 G - a wand of polymorph (4)
Scrolls
 d - 2 scrolls of blinking
 e - 2 scrolls of noise
 g - a scroll of fog
 h - 3 scrolls of poison
 k - 2 scrolls of enchant armour
 n - 6 scrolls of immolation
 r - 2 scrolls of amnesia
 s - 2 scrolls of magic mapping
 t - 3 scrolls of fear
 x - 3 scrolls of teleportation
 y - a scroll of acquirement
 I - 7 scrolls of identify
Potions
 i - 3 potions of curing
 l - 2 potions of brilliance
 m - 2 potions of mutation
 o - 2 potions of berserk rage
 q - 3 potions of resistance
 v - 4 potions of flight
 w - 3 potions of ambrosia
 z - 2 potions of invisibility {unknown}
 B - a potion of haste {unknown}
 F - a potion of magic {unknown}


   Skills:
 + Level 10.8(15.8) Fighting
 + Level 13.1(18.1) Long Blades
 + Level 13.2(18.2) Armour
 + Level 3.9(8.9) Dodging
 + Level 0.9(5.9) Stealth
 + Level 9.8(14.8) Shields
 + Level 1.3 Invocations
 + Level 1.7 Evocations


You had 10 spell levels left.
You didn't know any spells.
Your spell library contained the following spells:

 Spells                   Type           Power      Damage    Failure   Level
 Apportation              Tloc           0%         N/A       77%         1
 Beastly Appendage        Tmut           0%         N/A       77%         1
 Necrotise                Necr           0%         1d4       77%         1
 Blink                    Tloc           0%         N/A       88%         2
 Lesser Beckoning         Tloc           0%         N/A       88%         2
 Momentum Strike          Conj/Tloc      0%         3d8       88%         2
 Poisonous Vapours        Pois/Air       0%         N/A       88%         2
 Wereblood                Tmut           0%         N/A       88%         2
 Dazzling Flash           Conj/Hex       0%         N/A       98%         3
 Mephitic Cloud           Conj/Pois/Air  0%         N/A       98%         3
 Spider Form              Tmut/Pois      0%         N/A       98%         3
 Agony                    Necr           0%         N/A       100%        5
 Blade Hands              Tmut           0%         N/A       100%        5
 Freezing Cloud           Conj/Ice/Air   0%         6-21      100%        5
 Irradiate                Conj/Tmut      0%         3d11      100%        5
 Silence                  Hex/Air        0%         N/A       100%        5
 Dragon Form              Tmut           0%         N/A       100%        7
 Summon Small Mammal      Summ           Unusable   N/A       N/A         1

Dungeon Overview and Level Annotations

Branches:
Dungeon (11/15)            Temple (1/1) D:7            Lair (1/5) D:11
  Sewer (visited)         Ossuary (visited)         Volcano (1/1)
    Orc: D:9-12

Altars:
Ashenzari
Elyvilon
Fedhas
Gozag
Nemelex Xobeh
Okawaru
Qazlal
Trog
Wu Jian
Xom
Yredelemnul
Zin
The Shining One

Shops:
D:7 =   D:9 :   D:10 (:=(

Annotations:
D:11 1 runed translucent door, TangoThomas's ghost, journeyman MfFi


Innate Abilities, Weirdness & Mutations

You have a pair of horns on your head.
You reflexively headbutt those who attack you in melee.


Message History

You hit the molten gargoyle.
You headbutt the molten gargoyle, but do no damage.
The molten gargoyle is almost destroyed.
The molten gargoyle barely misses you.
The gargoyle hurls a stone arrow at you.
The stone arrow hits you.
Unknown command.
You hit the molten gargoyle but do no damage.
You headbutt the molten gargoyle.
You destroy the molten gargoyle!
Okawaru accepts your kill. The gargoyle hits you with a +0 flail!
Unknown command.
The gargoyle hurls a stone arrow at you.
The stone arrow hits you!
You see here a +0 mace.
Unknown command.
You closely miss the gargoyle. You headbutt the gargoyle!
The gargoyle is heavily damaged.
The gargoyle hurls a stone arrow at you.
You block the stone arrow.
You hit the gargoyle.
The gargoyle is severely damaged.
You gain the combat prowess of a mighty hero.
The gargoyle closely misses you.
You hit the gargoyle but do no damage.
The gargoyle is severely damaged.
The gargoyle hits you with a +0 flail.
* * * LOW HITPOINT WARNING * * *
Unknown command.
You hit the gargoyle but do no damage. Your headbutt misses the gargoyle.
The gargoyle is severely damaged.
The gargoyle hurls a stone arrow at you.
The stone arrow hits you!!
* * * LOW HITPOINT WARNING * * *
Unknown command.
You hit the gargoyle but do no damage. Your headbutt misses the gargoyle.
The gargoyle is severely damaged.
The gargoyle hits you with a +0 flail!
You die...

### ##.## #...+
+._.# #.○.# #.R°
##9## #..@# +.∩.+
#...# ##'## #####
#.# #...## ##.##
##...###
#8.8###......#
#....#§.≈§§..##
##.....§≈≈≈§...##


You could see an efreet and a gargoyle.

Vanquished Creatures
  A two-headed ogre (D:9)
  Sonja (D:11)
  2 cyclopes (D:11)
  Joseph (D:7)
  A black mamba (Lair:1)
  4 orange demons (D:10)
  A molten gargoyle (Volcano)
  2 unseen horrors (D:10)
  A gargoyle (D:11)
  Psyche (D:9)
  2 komodo dragons (Lair:1)
  2 red devils (D:10)
  2 trolls (D:11)
  Sigmund (D:5)
  5 shadows
  3 yaks (D:10)
  A wraith (D:11)
  4 wyverns
  8 fire bats (Volcano)
  Grum (D:11)
  A steam dragon (D:9)
  4 vampire mosquitoes
  Menkaure (D:6)
  Edmund (D:5)
  2 water moccasins
  A sky beast (D:6)
  An ice beast (D:7)
  4 orc warriors
  A black bear (D:7)
  8 wolves
  2 centaurs
  A kobold brigand (D:9)
  5 bullfrogs
  A gnoll sergeant (D:11)
  2 scorpions
  9 killer bees
  3 howler monkeys
  6 lava snakes (Volcano)
  4 gnoll boudas
  4 orc priests
  4 hounds
  5 jellies
  3 sleepcaps
  Jessica (D:3)
  Ijyb (D:3)
  An iguana (D:5)
  13 orc wizards
  A sickly merfolk siren (Sewer)
  Natasha (twice) (D:4)
  A malarious merfolk avatar (Sewer)
  3 mummies (Ossuary)
  26 gnolls
  6 adders
  3 river rats (Sewer)
  2 white imps
  5 adder zombies (Ossuary)
  A worm (D:4)
  31 orcs
  12 ball pythons
  6 endoplasms
  8 giant cockroaches
  7 hobgoblins
  11 quokkas
  6 bats
  8 frilled lizards
  A gnoll zombie (Ossuary)
  9 goblins
  3 hobgoblin zombies (Ossuary)
  15 kobolds
  3 kobold zombies (Ossuary)
  4 quokka zombies (Ossuary)
  30 rats
  2 rat zombies (Ossuary)
339 creatures vanquished.

Vanquished Creatures (others)
  An orc wizard (D:9)
1 creature vanquished.

Grand Total: 340 creatures vanquished

Notes
Turn   | Place    | Note
-------+----------+-------------------------------------------
     0 | D:1      | Peloso the Minotaur Fighter began the quest for the Orb.
     0 | D:1      | Reached XP level 1. HP: 19/19 MP: 0/0
   158 | D:1      | Reached XP level 2. HP: 22/27 MP: 1/1
   558 | D:2      | Reached XP level 3. HP: 33/33 MP: 2/2
   634 | D:2      | Found a faded altar of an unknown god.
   955 | D:2      | Reached XP level 4. HP: 26/41 MP: 3/3
  1308 | D:3      | Noticed Jessica
  1325 | D:3      | Killed Jessica
  1445 | D:3      | Noticed Ijyb
  1465 | D:3      | Killed Ijyb
  1649 | D:3      | Reached skill level 1 in Dodging
  1649 | D:3      | Reached XP level 5. HP: 47/47 MP: 4/4
  1662 | D:3      | Reached skill level 5 in Armour
  2412 | D:4      | Reached XP level 6. HP: 26/53 MP: 5/5
  2593 | D:4      | Reached skill level 5 in Long Blades
  2612 | D:4      | Noticed Natasha
  2619 | D:4      | Killed Natasha
  2620 | D:4      | Reached skill level 5 in Fighting
  2785 | D:4      | Noticed Natasha
  2791 | D:4      | Killed Natasha
  3238 | D:5      | Entered Level 5 of the Dungeon
  3247 | D:5      | Reached XP level 7. HP: 61/61 MP: 6/6
  3399 | D:5      | Noticed Edmund
  3422 | D:5      | Killed Edmund
  3458 | D:5      | Found a sand-covered staircase.
  3466 | Ossuary  | Entered an ossuary
  3477 | Ossuary  | Reached skill level 5 in Shields
  3779 | D:6      | Found a glowing drain.
  3793 | Sewer    | Entered a sewer
  4364 | D:6      | Reached XP level 8. HP: 70/70 MP: 7/7
  5063 | D:6      | Noticed Menkaure
  5077 | D:6      | Killed Menkaure
  5082 | D:6      | Found a white marble altar of Elyvilon.
  5085 | D:6      | Found a sparkling altar of Nemelex Xobeh.
  5086 | D:6      | Found a glowing golden altar of the Shining One.
  5096 | D:6      | Found a bloodstained altar of Trog.
  5099 | D:6      | Found a stormy altar of Qazlal.
  5669 | D:5      | Noticed Sigmund
  5700 | D:5      | Killed Sigmund
  6006 | D:7      | Reached XP level 9. HP: 78/78 MP: 8/8
  6042 | D:7      | Found a staircase to the Ecumenical Temple.
  6066 | Temple   | Entered the Ecumenical Temple
  6078 | Temple   | Became a worshipper of Warmaster Okawaru
  6115 | D:7      | Found an ornate altar of the Wu Jian Council.
  6191 | D:7      | Noticed Joseph
  6214 | D:7      | Killed Joseph
  6542 | D:7      | Found Micsick's Jewellery Emporium.
  6660 | D:7      | Identified a scroll of acquirement
  6707 | D:8      | Reached skill level 10 in Long Blades
  6999 | D:8      | Reached * piety under Okawaru
  7382 | D:9      | Reached XP level 10. HP: 77/88 MP: 9/9
  7475 | D:9      | Reached skill level 10 in Armour
  7491 | D:9      | Reached ** piety under Okawaru
  7625 | D:9      | Noticed Psyche
  7639 | D:9      | Killed Psyche
  7810 | D:9      | Noticed a two-headed ogre
  7819 | D:9      | Killed a two-headed ogre
  7994 | D:9      | Reached *** piety under Okawaru
  8272 | D:9      | Found Gocoacad's Book Emporium.
  8318 | D:10     | Entered Level 10 of the Dungeon
  8553 | D:10     | Found Fiptueh's Jewellery Shop.
  8632 | D:10     | Found Laniucw's Book Boutique.
  8742 | D:10     | Noticed an orange demon
  8742 | D:10     | Noticed an orange demon
  8746 | D:10     | Found Molyts's Antique Weapon Shoppe.
  8900 | D:10     | Found Riyckat's Weapon Emporium.
  9443 | D:10     | Noticed an orange demon
  9472 | D:10     | Killed an orange demon
  9473 | D:10     | Reached XP level 11. HP: 79/97 MP: 8/10
  9698 | D:10     | Reached skill level 1 in Evocations
  9833 | D:11     | Found a staircase to the Lair.
  9915 | D:11     | Reached skill level 1 in Invocations
  9984 | D:11     | Noticed Sonja
  9989 | D:11     | Killed Sonja
  9989 | D:11     | Reached **** piety under Okawaru
  9990 | D:11     | Reached skill level 10 in Fighting
  9992 | D:11     | Noticed a sea snake
 10522 | D:11     | Found a runed translucent door.
 10523 | D:11     | Found a shimmering altar of Xom.
 10523 | D:11     | Noticed TangoThomas's ghost (journeyman MfFi)
 10524 | D:11     | Noticed a +3 scimitar of chaos
 10627 | D:11     | Noticed Grum
 10652 | D:11     | Killed Grum
 10746 | D:11     | Noticed a sea snake
 10788 | D:11     | Noticed a sea snake
 10916 | D:11     | Noticed a sea snake
 11099 | Lair:1   | Entered Level 1 of the Lair of Beasts
 11248 | Lair:1   | Found a dark tunnel.
 11256 | Volcano  | Entered a volcano
 11501 | Volcano  | Found a bloodstained altar of Trog.
 11527 | Volcano  | HP: 2/101 [gargoyle/stone arrow (28)]
 11528 | Volcano  | Mangled by a gargoyle

Illustrated notes

Levels and vault maps discovered:
D:1:      sevenhm_arrival_forest_fort_small_4, layout_rooms
D:2:      layout_basic, hellmonk_ecumenical_altar_pennies_from_heaven,
          minmay_pentomino_s2
D:3:      layout_loops_ring, dk_noncrumbling_3, uniq_ijyb, uniq_jessica
D:4:      layout_basic, uniq_natasha
D:5:      layout_basic, chequers_ossuary_entry_cave, minmay_misc_feat_tower,
          uniq_edmund, uniq_sigmund
D:6:      layout_loops_corners, minmay_overflow_temple_star_hex, serial_glass,
          glass_columns_a, glass_columns_c, gup_sewer_entry_pipe, uniq_menkaure
D:7:      layout_basic, nicolae_wu_jian_wuxing_cycle,
          minmay_temple_entry_arrows, serial_shops, nicolae_shop_gaudy_bauble,
          minmay_misc_feat_doors, uniq_joseph
D:8:      layout_basic
D:9:      layout_loops_ring, serial_shops, shop, serial_park_tiny_1,
          serial_bayou_pond_e, uniq_psyche
D:10:     layout_grid_maze, serial_shops, nicolae_shop_waterfront, shop,
          nicolae_take_the_stairs, shop, minmay_beelzebubs_servants
D:11:     layout_roguey, lair_entry_dummy, serial_aquarium,
          aquarium_bridge_island_small [aquarium_subvault_small_open,
          aquarium_subvault_wall, aquarium_subvault_bridge,
          aquarium_subvault_window, aquarium_subvault_bridge],
          aquarium_bridge_straight [aquarium_subvault_bridge,
          aquarium_subvault_wall, aquarium_subvault_bridge,
          aquarium_subvault_wall], aquarium_window_corridor_1,
          aquarium_window_fake, aquarium_window_1, aquarium_window_2,
          aquarium_view_2e, aquarium_view_2d, aquarium_balcony_1b,
          ebering_ghost_xom, uniq_sonja, uniq_grum
Temple:   nicolae_temple_bog_church
Lair:1:   layout_cave_pods, gammafunk_ghost_icy,
          lightli_volcano_entry_magma_tube, grunt_megastairs_2
Volcano:  volcano_grotto [vgs_many_chambers]

Skill      XL: |  1  2  3  4  5  6  7  8  9 10 11 |
---------------+----------------------------------+-----
Fighting       | 4 5 6 7 9 10 | 10.8
Shields        | 4 5 7 8 9 |  9.8
Long Blades    | 3 4 5 6 8 10 12 13 | 13.1
Armour         | 4 5 6 8 9 11 13 | 13.2
Dodging        | 1 2 3 |  3.9
Evocations     | 1 |  1.7
Invocations    | 1 |  1.3
Stealth        | |  0.9

Action                     |  1- 3 |  4- 6 |  7- 9 | 10-12 || total
---------------------------+-------+-------+-------+-------++-------
  Melee: Long sword        |    96 |   153 |   549 |   553 ||  1351
         Headbutt          |     8 |    27 |   117 |   133 ||   285
 Invoke: Heroism           |       |       |       |    20 ||    20
  Evoke: Wand              |       |       |     1 |    16 ||    17
    Use: Scroll            |     3 |     3 |    14 |     4 ||    24
         Potion            |     1 |     1 |     2 |     3 ||     7
 Armour: Scale mail        |    60 |    73 |    11 |       ||   144
         Plate armour      |       |       |   315 |   272 ||   587
         Skin              |       |       |       |     6 ||     6
         Fire dragon scale |       |       |       |    63 ||    63
  Dodge: Dodged            |    53 |    74 |   194 |   204 ||   525
  Block: Buckler           |    31 |    38 |   146 |   196 ||   411
